[Event "Mitropa Online Cup Women 2021"]
[Site "Hybrid"]
[Date "2021.05.04"]
[Round "6.4"]
[White "Afraoui, Anaelle"]
[Black "Radikovic, Anamarija"]
[Result "0-1"]
[ECO "B90"]
[WhiteElo "2106"]
[BlackElo "2006"]
[Annotator "NA"]
[PlyCount "140"]
[EventDate "2021.05.04"]
[EventType "team-tourn"]
[EventCountry "NET"]
[SourceTitle "playchess.com"]
[Source "ChessBase"]
[SourceQuality "1"]
[WhiteTeam "France"]
[BlackTeam "Croatia"]
[WhiteTeamCountry "FRA"]
[BlackTeamCountry "CRO"]
[TimeControl "40/5400+30:1800+30"]

1. e4 c5 2. Nf3 d6 3. d4 cxd4 4. Nxd4 Nf6 5. Nc3 a6 6. Be3 e5 7. Nf3 Be7 8. Bc4 O-O 9. O-O Nc6 10. Qd2 Bg4 11. Nh4 Rc8 12. Bb3 b5 13. Nf5 b4 14. Nd5 Nxe4 15. Nfxe7+ Nxe7 16. Nxe7+ Qxe7 17. Qxb4 Bf5 18. f4 exf4 19. Rxf4 Bg6 20. Re1 Qe5 21. Rf3 a5 22. Qa3 Ng5 23. Rf2 Ne4 24. Rff1 Nf6 25. c3 Rfe8 26. Bf2 Ne4 27. Qa4 Rb8 28. Bd4 Qg5 29. Bb6 Nf6 30. Qxa5 Qd2 31. Rxe8+ Rxe8 32. Bd4 Be4 33. Bf2 Qxb2 34. Qc7 d5 35. c4 Bd3 36. Rd1 Ng4 37. Ba7 Qe2 38. Qg3 dxc4 39. Ba4 Ra8 40. Re1 Qd2 41. Bc6 Rf8 42. Bc5 Rd8 43. Be7 Be2 44. h3 Rc8 45. hxg4 c3 46. Bb4 Qd4+ 47. Qf2 Qxb4 48. Rxe2 Qb1+ 49. Re1 c2 50. Be4 Qxe1+ 51. Qxe1 c1=Q 52. Qxc1 Rxc1+ 53. Kf2 Rc4 54. Ke3 Ra4 55. Bd5 Rxg4 56. Be4 Rg3+ 57. Kd4 Ra3 58. Bd5 Kf8 59. Bb3 Ke7 60. Kc5 f5 61. Kb4 Ra7 62. a4 Kd6 63. a5 Rb7+ 64. Kc4 Rxb3 65. Kxb3 f4 66. Kc4 Kc6 67. Kd4 h5 68. Ke4 g5 69. Kf5 h4 70. Kxg5 h3 0-1

[Event "Mitropa Online Cup Women 2021"]
[Site "Hybrid"]
[Date "2021.05.04"]
[Round "6.5"]
[White "Zimina, Olga"]
[Black "Urh, Zala"]
[Result "0-1"]
[ECO "E04"]
[WhiteElo "2354"]
[BlackElo "2173"]
[Annotator "NA"]
[PlyCount "112"]
[EventDate "2021.05.04"]
[EventType "team-tourn"]
[EventCountry "NET"]
[SourceTitle "playchess.com"]
[Source "ChessBase"]
[SourceQuality "1"]
[WhiteTeam "Italy"]
[BlackTeam "Slovenia"]
[WhiteTeamCountry "ITA"]
[BlackTeamCountry "SLO"]
[TimeControl "40/5400+30:1800+30"]

1. d4 Nf6 2. c4 e6 3. g3 d5 4. Bg2 dxc4 5. Nf3 Bb4+ 6. Bd2 a5 7. Qc2 Bxd2+ 8. Qxd2 c6 9. a4 Ne4 10. Qf4 Qb6 11. O-O Qxb2 12. Na3 Nc3 13. Qe3 Nd5 14. Qg5 O-O 15. e4 h6 16. Qh5 Nc3 17. Nxc4 Qb4 18. Nfd2 b5 19. axb5 cxb5 20. e5 Ra7 21. Nd6 Bd7 22. N2e4 Nxe4 23. Nxe4 Bc6 24. Rab1 Qe7 25. f4 b4 26. g4 Qd8 27. Rbd1 Rd7 28. g5 Rxd4 29. gxh6 g6 30. Qe2 a4 31. Rc1 Rxe4 32. Qf2 Bd5 33. Bxe4 Bxe4 34. Rc4 Bd5 35. Rxb4 a3 36. h4 Qa5 37. Rbb1 a2 38. Ra1 Nd7 39. Kh2 Qc5 40. Qg3 Rb8 41. h7+ Kh8 42. Rfc1 Qd4 43. Rd1 Rb2+ 44. Kh3 Qxd1 45. Rxd1 Rb3 46. Ra1 Rxg3+ 47. Kxg3 Nc5 48. Kg4 Kxh7 49. h5 gxh5+ 50. Kxh5 Nd3 51. Kg5 Kg7 52. Rg1 Be4 53. f5 Bxf5 54. Ra1 Nb4 55. Kf4 Bb1 56. Ke3 Nc2+ 0-1

[Event "Mitropa Online Cup Women 2021"]
[Site "Hybrid"]
[Date "2021.05.04"]
[Round "6.5"]
[White "Janzelj, Lara"]
[Black "Brunello, Marina"]
[Result "0-1"]
[ECO "D23"]
[WhiteElo "2212"]
[BlackElo "2367"]
[Annotator "NA"]
[PlyCount "118"]
[EventDate "2021.05.04"]
[EventType "team-tourn"]
[EventCountry "NET"]
[SourceTitle "playchess.com"]
[Source "ChessBase"]
[SourceQuality "1"]
[WhiteTeam "Slovenia"]
[BlackTeam "Italy"]
[WhiteTeamCountry "SLO"]
[BlackTeamCountry "ITA"]
[TimeControl "40/5400+30:1800+30"]

1. d4 d5 2. c4 c6 3. Nf3 Nf6 4. Qc2 dxc4 5. Qxc4 Bf5 6. g3 e6 7. Bg2 Be7 8. O-O Nbd7 9. e3 O-O 10. Qe2 Qc7 11. Nc3 e5 12. dxe5 Nxe5 13. Nxe5 Qxe5 14. e4 Bg4 15. f3 Be6 16. Be3 Bc5 17. Bxc5 Qxc5+ 18. Qf2 Qxf2+ 19. Kxf2 Rfd8 20. Rfd1 a5 21. h3 Nd7 22. f4 f6 23. Rd6 Nc5 24. Rad1 Rxd6 25. Rxd6 Kf8 26. Ke3 Ke7 27. Rd2 a4 28. Rc2 a3 29. b3 Na6 30. Rd2 Nb4 31. g4 Ra5 32. Bf3 g5 33. Bd1 h6 34. f5 Bf7 35. h4 gxh4 36. Rh2 Ra8 37. Rxh4 Rd8 38. Be2 Nc2+ 39. Kf4 b5 40. e5 Rd4+ 41. Ne4 Bd5 42. exf6+ Kf7 43. Bf3 Ne1 44. Rxh6 Nxf3 45. Rh7+ Kg8 46. Rg7+ Kf8 47. Kxf3 Rxe4 48. Rd7 Ke8 49. Rd6 Rd4+ 50. Kg3 Rd2 51. g5 Rxa2 52. g6 Rg2+ 53. Kf4 a2 54. f7+ Bxf7 55. gxf7+ Kxf7 56. Rd7+ Kf6 57. Ra7 Rh2 58. Ke4 Rh4+ 59. Kd3 Ra4 0-1

[Event "Mitropa Online Cup Women 2021"]
[Site "Hybrid"]
[Date "2021.05.04"]
[Round "6.5"]
[White "Hercog, Nusa"]
[Black "Gueci, Tea"]
[Result "1/2-1/2"]
[ECO "D32"]
[WhiteElo "2088"]
[BlackElo "2204"]
[Annotator "NA"]
[PlyCount "84"]
[EventDate "2021.05.04"]
[EventType "team-tourn"]
[EventCountry "NET"]
[SourceTitle "playchess.com"]
[Source "ChessBase"]
[SourceQuality "1"]
[WhiteTeam "Slovenia"]
[BlackTeam "Italy"]
[WhiteTeamCountry "SLO"]
[BlackTeamCountry "ITA"]
[TimeControl "40/5400+30:1800+30"]

1. d4 d5 2. c4 e6 3. Nc3 c5 4. cxd5 exd5 5. Nf3 Nc6 6. dxc5 d4 7. Na4 Bxc5 8. Nxc5 Qa5+ 9. Bd2 Qxc5 10. Rc1 Qb6 11. e3 Nf6 12. Bc4 O-O 13. h3 Qxb2 14. Nxd4 Ne4 15. Rc2 Qb6 16. Nxc6 bxc6 17. O-O Bf5 18. Qa1 Qd8 19. Bb4 c5 20. Qe5 Qf6 21. Bc3 Qxe5 22. Bxe5 Rfe8 23. Bh2 Nd6 24. Bd5 Bxc2 25. Bxa8 Rxa8 26. Bxd6 c4 27. Rc1 Bd3 28. Bb4 Rb8 29. a3 Rb5 30. f3 f5 31. Kf2 Kf7 32. Ke1 Ke6 33. Kf2 a5 34. Bc3 g6 35. Ke1 Kd5 36. Kd2 Kc6 37. Ra1 Rd5 38. Ke1 Rb5 39. Kd2 Kb6 40. a4 Rb3 41. Bd4+ Kc6 42. h4 h5 1/2-1/2

[Event "Mitropa Online Cup Women 2021"]
[Site "Hybrid"]
[Date "2021.05.04"]
[Round "6.5"]
[White "Grimaldi, Angela Flavia"]
[Black "Ruzic, Pia Marie"]
[Result "1-0"]
[ECO "C11"]
[WhiteElo "2060"]
[BlackElo "1990"]
[Annotator "NA"]
[PlyCount "53"]
[EventDate "2021.05.04"]
[EventType "team-tourn"]
[EventCountry "NET"]
[SourceTitle "playchess.com"]
[Source "ChessBase"]
[SourceQuality "1"]
[WhiteTeam "Italy"]
[BlackTeam "Slovenia"]
[WhiteTeamCountry "ITA"]
[BlackTeamCountry "SLO"]
[TimeControl "40/5400+30:1800+30"]

1. e4 e6 2. d4 d5 3. Nc3 Nf6 4. e5 Nfd7 5. Nce2 c5 6. c3 Nc6 7. Nf3 Qb6 8. a3 a5 9. g3 Be7 10. Bg2 O-O 11. O-O cxd4 12. cxd4 f6 13. exf6 Nxf6 14. Nc3 Bd7 15. Bf4 Ne4 16. Nxe4 dxe4 17. Ne5 Nxe5 18. Bxe5 Bf6 19. Bxe4 Bxe5 20. Qh5 Rf5 21. Bxf5 exf5 22. dxe5 Qxb2 23. Rfe1 Rc8 24. Rab1 Qd2 25. e6 Bc6 26. Qf7+ Kh8 27. e7 1-0

[Event "Mitropa Online Cup Women 2021"]
[Site "Hybrid"]
[Date "2021.05.04"]
[Round "7.1"]
[White "Brunello, Marina"]
[Black "Schneider, Jana"]
[Result "1/2-1/2"]
[ECO "C54"]
[WhiteElo "2367"]
[BlackElo "2272"]
[Annotator "NA"]
[PlyCount "109"]
[EventDate "2021.05.04"]
[EventType "team-tourn"]
[EventCountry "NET"]
[SourceTitle "playchess.com"]
[Source "ChessBase"]
[SourceQuality "1"]
[WhiteTeam "Italy"]
[BlackTeam "Germany"]
[WhiteTeamCountry "ITA"]
[BlackTeamCountry "GER"]
[TimeControl "40/5400+30:1800+30"]

1. e4 e5 2. Nf3 Nc6 3. Bc4 Bc5 4. d3 Nf6 5. O-O d6 6. c3 a6 7. a4 Ba7 8. Na3 O-O 9. Bb3 Ne7 10. Bc2 Ng6 11. h3 Nh5 12. Bg5 Qe8 13. Be3 Nhf4 14. d4 Qe6 15. Bb3 Qf6 16. Nc4 Rd8 17. Ncd2 h6 18. Bc4 Ne6 19. Nb3 Ngf4 20. Kh2 Nf8 21. Re1 g5 22. Bxf4 Qxf4+ 23. g3 Qf6 24. Kg2 Kg7 25. Nh2 Be6 26. Ng4 Bxg4 27. hxg4 exd4 28. Nxd4 Bxd4 29. Qxd4 Qxd4 30. cxd4 Ne6 31. d5 Nc5 32. a5 Re8 33. f3 Re7 34. Rec1 h5 35. b4 Nd7 36. gxh5 g4 37. fxg4 Rxe4 38. Bd3 Rxb4 39. Rxc7 Ne5 40. Bf5 Nxg4 41. Bxg4 Rxg4 42. Rf1 Rf8 43. Rxb7 Rg5 44. h6+ Kxh6 45. Rf6+ Kg7 46. Rxd6 Rc8 47. Rb3 Rc2+ 48. Kf3 Ra2 49. Rd3 Rxa5 50. Rd8 Kf6 51. d6 Rad5 52. Rxd5 Rxd5 53. d7 Ke7 54. Ra8 Rxd7 55. Rxa6 1/2-1/2

[Event "Mitropa Online Cup Women 2021"]
[Site "Hybrid"]
[Date "2021.05.04"]
[Round "7.1"]
[White "Klek, Hanna Marie"]
[Black "Zimina, Olga"]
[Result "0-1"]
[ECO "B12"]
[WhiteElo "2302"]
[BlackElo "2354"]
[Annotator "NA"]
[PlyCount "104"]
[EventDate "2021.05.04"]
[EventType "team-tourn"]
[EventCountry "NET"]
[SourceTitle "playchess.com"]
[Source "ChessBase"]
[SourceQuality "1"]
[WhiteTeam "Germany"]
[BlackTeam "Italy"]
[WhiteTeamCountry "GER"]
[BlackTeamCountry "ITA"]
[TimeControl "40/5400+30:1800+30"]

1. e4 c6 2. d4 d5 3. e5 Bf5 4. h4 h5 5. Bd3 Bxd3 6. Qxd3 e6 7. Bg5 Be7 8. Nf3 Nh6 9. Bxh6 Rxh6 10. Nbd2 c5 11. c3 Nc6 12. a3 a5 13. g3 Rg6 14. Kf1 Qb6 15. Kg2 a4 16. Rab1 Qa7 17. Rhd1 Kf8 18. dxc5 Bxc5 19. Qe2 Qa6 20. c4 Be7 21. Rbc1 Rd8 22. Qf1 Qb6 23. Rc2 d4 24. Qd3 Qc7 25. Re1 b6 26. Kh2 Kg8 27. Rcc1 Rg4 28. Re2 Na5 29. Rd1 Nb7 30. b4 axb3 31. Nxb3 Nc5 32. Nxc5 Qxc5 33. Ne1 Qxa3 34. f3 Rg6 35. Qxa3 Bxa3 36. Nd3 Bc5 37. Ra2 Rc8 38. Ra7 f6 39. Rb7 fxe5 40. Nxe5 Rf6 41. Ra1 Bd6 42. f4 Bxe5 43. fxe5 Rg6 44. Rxb6 Rxc4 45. Rd1 Rc2+ 46. Kh3 Rc3 47. Rxd4 Rgxg3+ 48. Kh2 Rge3 49. Rb2 Rxe5 50. Rg2 Ree3 51. Rgd2 Kh7 52. Rd6 Rc4 0-1

[Event "Mitropa Online Cup Women 2021"]
[Site "Hybrid"]
[Date "2021.05.04"]
[Round "7.1"]
[White "Sedina, Elena"]
[Black "Muetsch, Annmarie"]
[Result "1-0"]
[ECO "C41"]
[WhiteElo "2291"]
[BlackElo "2266"]
[Annotator "NA"]
[PlyCount "139"]
[EventDate "2021.05.04"]
[EventType "team-tourn"]
[EventCountry "NET"]
[SourceTitle "playchess.com"]
[Source "ChessBase"]
[SourceQuality "1"]
[WhiteTeam "Italy"]
[BlackTeam "Germany"]
[WhiteTeamCountry "ITA"]
[BlackTeamCountry "GER"]
[TimeControl "40/5400+30:1800+30"]

1. e4 d6 2. d4 Nf6 3. Nc3 Nbd7 4. Nf3 e5 5. Bc4 Be7 6. a4 c6 7. O-O Qc7 8. Re1 h6 9. a5 Nf8 10. Be3 Ng4 11. Bc1 g5 12. a6 b5 13. Bf1 Ng6 14. Ne2 Nf6 15. Ng3 Nh4 16. Nxh4 gxh4 17. Nf5 Bxf5 18. exf5 e4 19. Bf4 Qd7 20. f3 Qxf5 21. Qd2 d5 22. Be5 Kf8 23. Qf4 Qxf4 24. Bxf4 Nh5 25. Bd2 f5 26. Be2 Ng7 27. fxe4 dxe4 28. Bf4 Kf7 29. c3 Rad8 30. b3 Bf6 31. Rf1 b4 32. Bc4+ Ke7 33. Be5 bxc3 34. Rac1 Bxe5 35. dxe5 Rd2 36. Rxc3 Rhd8 37. Rh3 Rb2 38. Rxh4 Rdd2 39. g4 Rg2+ 40. Kh1 Rgf2 41. Rxf2 Rxf2 42. gxf5 Nxf5 43. Rxe4 Ng7 44. Kg1 Rf5 45. Rg4 Ne8 46. Rg6 Rxe5 47. Rxh6 Nf6 48. Rg6 Ne4 49. Rxc6 Rg5+ 50. Kf1 Nd2+ 51. Kf2 Rh5 52. Kg3 Rg5+ 53. Kf4 Rh5 54. Kg3 Rg5+ 55. Kf4 Rh5 56. Re6+ Kd7 57. Re2 Nxc4 58. bxc4 Rh4+ 59. Kg5 Rxc4 60. h4 Kc6 61. h5 Kb5 62. Re6 Rc1 63. h6 Rg1+ 64. Kf6 Rf1+ 65. Kg7 Rg1+ 66. Rg6 Rc1 67. h7 Rc7+ 68. Kh6 Rc8 69. Rg8 Rc6+ 70. Kg5 1-0

[Event "Mitropa Online Cup Women 2021"]
[Site "Hybrid"]
[Date "2021.05.04"]
[Round "7.1"]
[White "Lubbe, Melanie"]
[Black "Gueci, Tea"]
[Result "1-0"]
[ECO "B21"]
[WhiteElo "2274"]
[BlackElo "2204"]
[Annotator "NA"]
[PlyCount "83"]
[EventDate "2021.05.04"]
[EventType "team-tourn"]
[EventCountry "NET"]
[SourceTitle "playchess.com"]
[Source "ChessBase"]
[SourceQuality "1"]
[WhiteTeam "Germany"]
[BlackTeam "Italy"]
[WhiteTeamCountry "GER"]
[BlackTeamCountry "ITA"]
[TimeControl "40/5400+30:1800+30"]

1. e4 c5 2. f4 Nc6 3. Nf3 g6 4. Bb5 Bg7 5. O-O Nd4 6. Nxd4 cxd4 7. Qf3 Qb6 8. Na3 f5 9. exf5 gxf5 10. Bd3 Nh6 11. Re1 Qf6 12. Nb5 O-O 13. Nc7 Rb8 14. Nd5 Qd6 15. Nxe7+ Kh8 16. Nxc8 Rfxc8 17. a4 Re8 18. Rf1 Qe6 19. b3 Ng4 20. Bb2 b6 21. h3 Nh6 22. Qf2 Qd6 23. Rfe1 Re6 24. Rxe6 dxe6 25. Ba3 Qc6 26. Re1 Nf7 27. Bc4 Nd8 28. Be7 d3 29. Bxd3 Qd7 30. Qh4 Nc6 31. Bf6 Nd4 32. Bxg7+ Qxg7 33. Qf2 Re8 34. b4 Re7 35. c3 Nc6 36. Qf3 Nd8 37. Bb5 h6 38. d4 Nb7 39. Bd3 Nd6 40. Kh2 Qf6 41. Qe3 Nf7 42. c4 1-0

[Event "Mitropa Online Cup Women 2021"]
[Site "Hybrid"]
[Date "2021.05.04"]
[Round "7.2"]
[White "Guichard, Pauline"]
[Black "Janzelj, Lara"]
[Result "1/2-1/2"]
[ECO "D02"]
[WhiteElo "2415"]
[BlackElo "2212"]
[Annotator "RC"]
[PlyCount "210"]
[EventDate "2021.05.04"]
[EventType "team-tourn"]
[EventCountry "NET"]
[SourceTitle "playchess.com"]
[Source "ChessBase"]
[SourceQuality "1"]
[WhiteTeam "France"]
[BlackTeam "Slovenia"]
[WhiteTeamCountry "FRA"]
[BlackTeamCountry "SLO"]
[TimeControl "40/5400+30:1800+30"]

1. d4 d5 2. Nf3 Nf6 3. Bf4 e6 4. Nbd2 c5 5. e3 Nc6 6. c3 Bd6 7. Bg3 O-O 8. Bd3 Qe7 9. Ne5 Nd7 10. Nxd7 Qxd7 11. dxc5 Bxc5 12. O-O Bd6 13. Qc2 h6 14. e4 Bxg3 15. hxg3 d4 16. Nf3 Qd6 17. Bb5 dxc3 18. Qxc3 Bd7 19. Rfd1 Qe7 20. Rd3 Rfd8 21. Rad1 Be8 22. Bxc6 Bxc6 23. Ne5 Bb5 24. Rd4 Rdc8 25. Qa5 Be2 26. Re1 Qg5 27. Nc6 Qxa5 28. Nxa5 Rc2 29. b4 b6 30. Nb7 Rb8 31. Nd8 Bb5 32. a4 Bxa4 33. Ra1 Be8 34. Rxa7 Rcc8 35. Nxf7 Bxf7 36. Rdd7 Rc1+ 37. Kh2 Rf8 38. Rdb7 Rc4 39. Rxb6 Rxe4 40. Rbb7 Re5 41. b5 Rf5 42. f3 g6 43. g4 Rc5 44. b6 Rb5 45. Ra2 Kg7 46. Rd2 Kf6 47. Rd6 Rc8 48. Rdd7 Be8 49. Re7 Rb2 50. Rbc7 Rxb6 51. Rxe6+ Rxe6 52. Rxc8 g5 53. Kg3 Bb5 54. Rc5 Ba6 55. Rf5+ Kg6 56. Ra5 Rb6 57. Ra2 Bd3 58. Ra3 Bc4 59. Ra4 Rc6 60. Rb4 Kf6 61. Rb8 Ke5 62. Re8+ Re6 63. Rd8 Bd5 64. Kf2 Kd4 65. Rd7 Ra6 66. Kg3 Ke5 67. Rh7 Rd6 68. Re7+ Kd4 69. Kf2 Bc4 70. Rh7 Kd3 71. Rh8 Kd2 72. Rc8 Bd3 73. Re8 Ra6 74. Re7 Ra2 75. Re6 Kd1+ 76. Kg3 Ra6 77. Re5 Be2 78. Kf2 Bc4 79. Re1+ Kd2 80. Re4 Ra2 81. Re7 Kd1+ 82. Kg1 Re2 83. Rc7 Ba2 84. Ra7 Ke1 85. Ra6 Be6 86. Rd6 Re5 87. Ra6 Ke2 88. Rb6 Ke3 89. Rd6 Ke2 90. Ra6 Bc4 91. Rc6 Bd5 92. Rxh6 Bxf3 93. gxf3 Kxf3 94. Rf6+ Kg3 95. Rf1 Kxg4 96. Ra1 Re3 97. Kg2 Re2+ 98. Kf1 Rb2 99. Kg1 Kh4 100. Ra4+ g4 101. Ra1 Kh3 102. Ra3+ g3 103. Ra1 Rc2 104. Rb1 Rc3 105. Ra1 Rc2 1/2-1/2

[Event "Mitropa Online Cup Women 2021"]
[Site "Hybrid"]
[Date "2021.05.04"]
[Round "7.2"]
[White "Urh, Zala"]
[Black "Monpeurt, Cyrielle"]
[Result "1-0"]
[ECO "A61"]
[WhiteElo "2173"]
[BlackElo "2166"]
[Annotator "NA"]
[PlyCount "75"]
[EventDate "2021.05.04"]
[EventType "team-tourn"]
[EventCountry "NET"]
[SourceTitle "playchess.com"]
[Source "ChessBase"]
[SourceQuality "1"]
[WhiteTeam "Slovenia"]
[BlackTeam "France"]
[WhiteTeamCountry "SLO"]
[BlackTeamCountry "FRA"]
[TimeControl "40/5400+30:1800+30"]

1. d4 Nf6 2. c4 c5 3. d5 e6 4. Nc3 exd5 5. cxd5 d6 6. Nf3 g6 7. Bf4 a6 8. a4 Qe7 9. h3 Nbd7 10. Nd2 Ne5 11. e3 Bg7 12. Be2 O-O 13. O-O Rb8 14. Bg3 Ne8 15. Re1 f5 16. a5 g5 17. f4 Ng6 18. Nc4 gxf4 19. exf4 Bd4+ 20. Kh1 Qg7 21. Qd3 Kh8 22. Bf1 Bd7 23. Qf3 Rd8 24. Ra3 Bb5 25. Rb3 Bxc4 26. Bxc4 Rd7 27. Re6 Nf6 28. Bd3 Ne7 29. Bh4 Rg8 30. Ne2 Nfxd5 31. Bc4 Ng6 32. Rxg6 Qxg6 33. Qxd5 Rgg7 34. Nxd4 cxd4 35. Rg3 Qe8 36. Rxg7 Kxg7 37. Qxd4+ Kh6 38. Qf6+ 1-0

[Event "Mitropa Online Cup Women 2021"]
[Site "Hybrid"]
[Date "2021.05.04"]
[Round "7.2"]
[White "Thomas, Anysia"]
[Black "Rozman, Monika"]
[Result "1-0"]
[ECO "D12"]
[WhiteElo "2164"]
[BlackElo "2175"]
[Annotator "NA"]
[PlyCount "71"]
[EventDate "2021.05.04"]
[EventType "team-tourn"]
[EventCountry "NET"]
[SourceTitle "playchess.com"]
[Source "ChessBase"]
[SourceQuality "1"]
[WhiteTeam "France"]
[BlackTeam "Slovenia"]
[WhiteTeamCountry "FRA"]
[BlackTeamCountry "SLO"]
[TimeControl "40/5400+30:1800+30"]

1. d4 d5 2. c4 c6 3. Nf3 Nf6 4. e3 Bf5 5. Nc3 e6 6. Nh4 Bg6 7. Be2 Be7 8. O-O Nbd7 9. g3 O-O 10. Nxg6 hxg6 11. b3 Qa5 12. Qc2 Rac8 13. Bd2 Qd8 14. e4 dxe4 15. Nxe4 Nxe4 16. Qxe4 Nf6 17. Qe3 c5 18. Bc3 b5 19. Rad1 Qc7 20. Rfe1 bxc4 21. Bxc4 Rfe8 22. Qf3 Red8 23. d5 Qb7 24. Bxf6 Bxf6 25. Qg4 exd5 26. Rxd5 Qb4 27. Red1 Rf8 28. Rd7 Rcd8 29. Bxf7+ Rxf7 30. Rxd8+ Bxd8 31. Rxd8+ Rf8 32. Qe6+ Kh7 33. Rxf8 g5 34. Qf5+ g6 35. Qf7+ Kh6 36. Rh8# 1-0

[Event "Mitropa Online Cup Women 2021"]
[Site "Hybrid"]
[Date "2021.05.04"]
[Round "7.3"]
[White "Trippold, Denise"]
[Black "Medic, Mirjana"]
[Result "1-0"]
[ECO "E14"]
[WhiteElo "2145"]
[BlackElo "2147"]
[Annotator "NA"]
[PlyCount "119"]
[EventDate "2021.05.04"]
[EventType "team-tourn"]
[EventCountry "NET"]
[SourceTitle "playchess.com"]
[Source "ChessBase"]
[SourceQuality "1"]
[WhiteTeam "Austria"]
[BlackTeam "Croatia"]
[WhiteTeamCountry "AUT"]
[BlackTeamCountry "CRO"]
[TimeControl "40/5400+30:1800+30"]

1. Nf3 d5 2. c4 e6 3. d4 Nf6 4. e3 b6 5. b3 Bb7 6. Bb2 Be7 7. Bd3 O-O 8. O-O Nbd7 9. Nc3 Ne4 10. cxd5 exd5 11. Rc1 c5 12. Qe2 Ndf6 13. Rfd1 Rc8 14. Bb1 Qc7 15. Ne5 Rfd8 16. Na4 Qb8 17. f3 Ng5 18. Bf5 Ne6 19. g3 Bd6 20. f4 Rc7 21. Ng4 Ne4 22. Bxe4 dxe4 23. d5 Nf8 24. Nc3 f5 25. Ne5 a6 26. a4 Qc8 27. Nc4 Re7 28. Nxb6 Qc7 29. a5 Nd7 30. Nxd7 Rexd7 31. g4 Rf7 32. Kh1 Bc8 33. gxf5 Bxf5 34. Rg1 Qxa5 35. Qc4 Qb4 36. Ra1 a5 37. Ra4 Qxc4 38. bxc4 Bc7 39. Ra2 h5 40. Nb5 Bb6 41. Be5 Bg4 42. Rg3 Ra8 43. Nd6 Rfa7 44. Nxe4 a4 45. Nf2 Bc8 46. e4 a3 47. Rg6 Bd8 48. f5 Kh7 49. Nd3 Ba6 50. Rxa3 Bxc4 51. Rxa7 Rxa7 52. Nxc5 Be2 53. Kg2 Bd1 54. Ne6 Ra2+ 55. Kg1 Bb6+ 56. Bd4 Bxd4+ 57. Nxd4 Ra4 58. Ne6 Bc2 59. d6 Ra1+ 60. Kf2 1-0

[Event "Mitropa Online Cup Women 2021"]
[Site "Hybrid"]
[Date "2021.05.04"]
[Round "7.3"]
[White "Vujnovic, Patricija"]
[Black "Froewis, Annika"]
[Result "1-0"]
[ECO "D35"]
[WhiteElo "2129"]
[BlackElo "2143"]
[Annotator "NA"]
[PlyCount "61"]
[EventDate "2021.05.04"]
[EventType "team-tourn"]
[EventCountry "NET"]
[SourceTitle "playchess.com"]
[Source "ChessBase"]
[SourceQuality "1"]
[WhiteTeam "Croatia"]
[BlackTeam "Austria"]
[WhiteTeamCountry "CRO"]
[BlackTeamCountry "AUT"]
[TimeControl "40/5400+30:1800+30"]

1. d4 d5 2. c4 e6 3. Nc3 Nf6 4. cxd5 exd5 5. Bg5 Be7 6. e3 c6 7. Bd3 Nbd7 8. Nge2 h6 9. Bh4 O-O 10. f3 c5 11. O-O a6 12. dxc5 Nxc5 13. Bf2 Nxd3 14. Qxd3 Be6 15. Rfd1 Qd7 16. Nf4 Rfd8 17. Rd2 Rac8 18. a3 Rc6 19. Qe2 Bd6 20. Rad1 Bxf4 21. exf4 Qc7 22. Rd4 Nh5 23. f5 Rxc3 24. bxc3 Bd7 25. Qd2 Nf6 26. Bh4 Bxf5 27. Bxf6 gxf6 28. Qxh6 Qb6 29. Kh1 Re8 30. Rh4 Qe3 31. Qh8# 1-0

[Event "Mitropa Online Cup Women 2021"]
[Site "Hybrid"]
[Date "2021.05.04"]
[Round "7.3"]
[White "Mayrhuber, Nikola"]
[Black "Spiranec, Noemi"]
[Result "1-0"]
[ECO "D46"]
[WhiteElo "2040"]
[BlackElo "2098"]
[Annotator "NA"]
[PlyCount "69"]
[EventDate "2021.05.04"]
[EventType "team-tourn"]
[EventCountry "NET"]
[SourceTitle "playchess.com"]
[Source "ChessBase"]
[SourceQuality "1"]
[WhiteTeam "AUT"]
[BlackTeam "CRO"]
[BlackTeamCountry "CRO"]
[TimeControl "40/5400+30:1800+30"]

1. d4 Nf6 2. c4 e6 3. Nc3 Bb4 4. Bd2 O-O 5. Nf3 d5 6. e3 Nbd7 7. Bd3 c6 8. O-O Qe7 9. a3 Bd6 10. e4 dxe4 11. Nxe4 Nxe4 12. Bxe4 f5 13. Bc2 c5 14. Re1 cxd4 15. Nxd4 Bxh2+ 16. Kxh2 Qh4+ 17. Kg1 Qxd4 18. Bb4 Qxd1 19. Raxd1 Rf6 20. Bc3 Rg6 21. Bxf5 exf5 22. Re8+ Kf7 23. Rde1 Rf6 24. R1e7+ Kg6 25. Rg8 Rf7 26. Rxg7+ Rxg7 27. Rxg7+ Kh6 28. Rg8 Nb6 29. Kh2 Be6 30. Bd2+ Kh5 31. Rg5+ Kh6 32. g4 fxg4 33. Rxg4+ Kh5 34. Rg5+ Kh4 35. f4 1-0

[Event "Mitropa Online Cup Women 2021"]
[Site "Hybrid"]
[Date "2021.05.04"]
[Round "7.4"]
[White "Terbe, Julianna"]
[Black "Hakimifard, Ghazal"]
[Result "1/2-1/2"]
[ECO "A47"]
[WhiteElo "2267"]
[BlackElo "2265"]
[Annotator "NA"]
[PlyCount "161"]
[EventDate "2021.05.04"]
[EventType "team-tourn"]
[EventCountry "NET"]
[SourceTitle "playchess.com"]
[Source "ChessBase"]
[SourceQuality "1"]
[WhiteTeam "Hungary"]
[BlackTeam "Switzerland"]
[WhiteTeamCountry "HUN"]
[BlackTeamCountry "SUI"]
[TimeControl "40/5400+30:1800+30"]

1. d4 Nf6 2. Nf3 e6 3. Bf4 b6 4. e3 Bb7 5. h3 Be7 6. Nbd2 c5 7. Bd3 O-O 8. O-O d6 9. Bh2 cxd4 10. exd4 Nbd7 11. a4 a6 12. Re1 Re8 13. c3 Qc7 14. Qe2 Nf8 15. Nc4 Nd5 16. Ne3 Qc6 17. Nd2 Nf6 18. Ndc4 Ng6 19. a5 b5 20. Nb6 Ra7 21. Rec1 e5 22. c4 b4 23. d5 Qc5 24. Qe1 Bd8 25. Na4 Qxa5 26. c5 b3 27. Qxa5 Bxa5 28. Nc4 Bc7 29. cxd6 Bb8 30. Nab6 Nxd5 31. d7 Rd8 32. Bxg6 hxg6 33. Nxd5 Bxd5 34. Nb6 Be6 35. Rc8 Bc7 36. Na8 Rxa8 37. Rxc7 f6 38. f4 e4 39. Rd1 Kf7 40. Bg3 Ke7 41. Rb7 a5 42. Bf2 Rxd7 43. Bc5+ Ke8 44. Rdxd7 Bxd7 45. Rxb3 a4 46. Rb4 Bc6 47. Kf2 Ra5 48. Rb8+ Kf7 49. Bb4 Ra7 50. Rb6 Bd5 51. Ke3 Rc7 52. Rd6 Bc6 53. Ba5 Rc8 54. Rd8 Rxd8 55. Bxd8 Ke6 56. g3 Kd5 57. Bb6 Bb5 58. Kf2 Kc4 59. Ke3 Kd5 60. Kf2 Bd7 61. g4 Kc4 62. Ke3 Kd5 63. Bd4 Bc8 64. g5 fxg5 65. fxg5 Bxh3 66. Bxg7 Bg2 67. Bf6 Kc4 68. Be5 Kd5 69. Bf6 Bf3 70. Bg7 Kd6 71. Kf4 Ke6 72. Bf6 Bh1 73. Bg7 Kd5 74. Ke3 Kc4 75. Bf6 Kb3 76. Bg7 Kc2 77. Bf6 Kd1 78. Bc3 Kc2 79. Bf6 Kd1 80. Bc3 Kc2 81. Bf6 1/2-1/2

[Event "Mitropa Online Cup Women 2021"]
[Site "Hybrid"]
[Date "2021.05.04"]
[Round "7.4"]
[White "Karacsonyi, Kata"]
[Black "Thode, Gilda"]
[Result "1-0"]
[ECO "C05"]
[WhiteElo "2138"]
[BlackElo "1987"]
[Annotator "NA"]
[PlyCount "45"]
[EventDate "2021.05.04"]
[EventType "team-tourn"]
[EventCountry "NET"]
[SourceTitle "playchess.com"]
[Source "ChessBase"]
[SourceQuality "1"]
[WhiteTeam "Hungary"]
[BlackTeam "Switzerland"]
[WhiteTeamCountry "HUN"]
[BlackTeamCountry "SUI"]
[TimeControl "40/5400+30:1800+30"]

1. e4 e6 2. d4 d5 3. Nd2 Nf6 4. e5 Nfd7 5. f4 c5 6. c3 Nc6 7. Ndf3 cxd4 8. cxd4 Be7 9. Bd3 Qb6 10. Ne2 O-O 11. a3 a5 12. h4 f6 13. Qc2 f5 14. g4 g6 15. h5 fxg4 16. Nh2 Nxd4 17. Nxd4 Qxd4 18. Nxg4 gxh5 19. Be3 Bb4+ 20. Ke2 Qxd3+ 21. Qxd3 b6 22. Nh6+ Kh8 23. axb4 1-0